 Dungeon Crawl Stone Soup version 0.20-a0-1116-gaa52201 (webtiles) character file.

611 Angani the Destroyer (level 7, -17/36 HPs)
             Began as a Tengu Conjurer on May 7, 2017.
             Killed from afar by Ijyb (23 damage)
             ... with a wand of lightning (?/15)
             ... on level 5 of the Dungeon.
             The game lasted 00:23:01 (4847 turns).

Angani the Destroyer (Tengu Conjurer)               Turns: 4847, Time: 00:23:02

Health: -17/36     AC:  3    Str: 10    XL:     7   Next: 44%
Magic:  11/14      EV: 12    Int: 18    God:
Gold:   11         SH:  0    Dex: 14    Spells: 4/14 levels left

rFire    . . .     SeeInvis .   (no weapon)
rCold    . . .     Gourm    .   (no shield)
rNeg     . . .     Faith    .   a - +0 robe
rPois    .         Spirit   .   (helmet restricted)
rElec    .         Reflect  .   (no cloak)
rCorr    .         Harm     .   q - +0 pair of gloves {archery}
MR       .....                  (boots unavailable)
Stlth    ++........             (no amulet)
Regen    0.2/turn               m - +2 ring of strength
MPRegen  0.2/turn               (no ring)

@: about to teleport
A: beak, talons 3, able to fly 1
a: Fly


You were on level 5 of the Dungeon.
You were hungry.

You visited 1 branch of the dungeon, and saw 5 of its levels.

You collected 199 gold pieces.
You spent 188 gold pieces at shops.

Inventory:

Armour
 a - a +0 robe (worn)
 q - a +0 pair of gloves of archery (worn)
Jewellery
 e - an uncursed ring of fire
 m - a +2 ring of strength (left hand)
Wands
 f - a wand of acid (4/15)
Scrolls
 g - a scroll of remove curse
 s - a scroll of teleportation
 t - a scroll of magic mapping
Potions
 i - a potion of agility
 l - a potion of curing {unknown}
 n - a potion of lignification
 p - a potion of flight
Books
 b - a book of Conjurations

   Spells                             Type                      Level
   a - Magic Dart                     Conjuration                  1
   b - Searing Ray                    Conjuration                  2
   c - Dazzling Spray                 Conjuration/Hexes            3
   d - Fulminant Prism                Conjuration/Hexes            4
   e - Force Lance                    Conjuration/Translocation    4
   f - Iskenderun's Mystic Blast      Conjuration                  4
Comestibles
 c - 3 bread rations
 h - a meat ration
 k - 7 fruits


   Skills:
 - Level 2.1 Dodging
 - Level 2.0 Stealth
 - Level 4.1 Spellcasting
 - Level 8.7 Conjurations
 + Level 1.6 Hexes
 - Level 2.1 Summonings
 - Level 2.0 Necromancy


You had 4 spell levels left.
You knew the following spells:

 Your Spells              Type           Power        Failure   Level  Hunger
a - Magic Dart            Conj           ####         1%          1    None
b - Searing Ray           Conj           #####.       1%          2    ##.....
c - Animate Skeleton      Necr           N/A          6%          1    None
d - Summon Small Mammal   Summ           ##..         6%          1    None
e - Apportation           Tloc           #.....       14%         1    None
f - Fulminant Prism       Conj/Hex       ###.......   17%         4    ####...


Dungeon Overview and Level Annotations

Branches:
Dungeon (5/15)
 Temple: D:4-7

Altars:
Dithmenos
Ru
The Shining One

Shops:
D:4 =?

Annotations:
D:5 Ijyb


Innate Abilities, Weirdness & Mutations

You have a beak for a mouth.
You have claws for feet.
You can fly.


Message History

As you read the scroll of fear, it crumbles to dust.
You assume a fearsome visage.
Ijyb looks frightened!
Unknown command.
As you read the scroll of teleportation, it crumbles to dust.
You feel strangely unstable.
Unknown command.
Found a fruit.
Your surroundings suddenly seem different.
You are feeling hungry.
Unknown command.
You start resting.
Your magical contamination has completely faded away.
You start resting.
You start resting.
Evoke which item? (* to show all) (? for menu, Esc to quit)
Okay, then.
As you read the scroll of teleportation, it crumbles to dust.
You feel strangely unstable.
Ijyb zaps a wand.
The bolt of lightning hits you!
Ouch! That really hurt!
You die...

#.#.# #.#.# #...# #...#
##### #..## ....# ##.#
###.############.#
#............#.#
############.#@# #.#.#
##############.#.#
.........g.....g(#
#####............#######.
#####.########.##........
......# #.##.#######
####### #.##.# #.##.#


You could see Ijyb.

Vanquished Creatures
  A centaur (D:5)
  A scorpion (D:4)
  4 hounds
  2 orc wizards (D:4)
  2 bullfrog skeletons (D:4)
  An orc priest (D:4)
  A centaur skeleton (D:4)
  A worker ant (D:4)
  5 adders
  An adder skeleton (D:4)
  4 leopard geckos
  13 orcs (D:4)
  9 bats
  4 giant cockroaches
  11 goblins
  7 hobgoblins
  2 jackals (D:2)
  6 kobolds
  A ball python (D:1)
  5 frilled lizards
  10 rats
91 creatures vanquished.

Vanquished Creatures (collateral kills)
  A worker ant (D:4)
  An adder (D:4)
  An orc (D:4)
3 creatures vanquished.

Vanquished Creatures (others)
  A fulminant prism (D:5)
1 creature vanquished.

Grand Total: 95 creatures vanquished

Notes
Turn   | Place    | Note
-------+----------+-------------------------------------------
     0 | D:1      | Angani the Tengu Conjurer began the quest for the Orb.
     0 | D:1      | Reached XP level 1. HP: 10/10 MP: 4/4
   171 | D:1      | Reached XP level 2. HP: 15/15 MP: 1/6
   524 | D:1      | Learned a level 2 spell: Searing Ray
   599 | D:1      | Reached XP level 3. HP: 19/19 MP: 5/8
  1350 | D:2      | Found a glowing golden altar of the Shining One.
  1356 | D:2      | Reached XP level 4. HP: 24/24 MP: 4/10
  1655 | D:2      | Learned a level 1 spell: Animate Skeleton
  1657 | D:2      | Learned a level 1 spell: Summon Small Mammal
  1659 | D:2      | Learned a level 1 spell: Apportation
  2144 | D:3      | Reached skill level 1 in Necromancy
  2228 | D:3      | Found a sacrificial altar of Ru.
  2440 | D:4      | Gained mutation: You can fly. [Tengu growth]
  2440 | D:4      | Reached XP level 5. HP: 10/28 MP: 0/12
  2996 | D:4      | Found Sesexaowk's Jewellery Shoppe.
  3248 | D:4      | Reached skill level 6 in Conjurations
  3248 | D:4      | Reached XP level 6. HP: 32/32 MP: 1/13
  3553 | D:4      | Reached skill level 7 in Conjurations
  3849 | D:4      | Reached skill level 8 in Conjurations
  3938 | D:4      | Found a shadowy altar of Dithmenos.
  3996 | D:4      | Found Remuded's Magic Scroll Shop.
  4004 | D:4      | Bought a scroll of identify for 26 gold pieces
  4004 | D:4      | Bought a scroll of teleportation for 39 gold pieces
  4004 | D:4      | Bought a scroll of teleportation for 39 gold pieces
  4004 | D:4      | Bought a scroll of teleportation for 39 gold pieces
  4004 | D:4      | Bought a scroll of magic mapping for 45 gold pieces
  4069 | D:4      | Reached XP level 7. HP: 31/36 MP: 8/14
  4481 | D:5      | Entered Level 5 of the Dungeon
  4636 | D:5      | Learned a level 4 spell: Fulminant Prism
  4805 | D:5      | Reached skill level 1 in Hexes
  4813 | D:5      | Noticed Ijyb
  4847 | D:5      | Killed from afar by Ijyb

Vault maps used:
D:1:      dpeg_arrival_arbitrary_a, serial_bayou, serial_bayou_shore_b,
          serial_bayou_pond_c, serial_bayou_pond_b, serial_bayou_ford_a,
          amethyst_killhole
D:2:      tso_metal_star, minmay_pentomino_u4
D:3:      okawaru_altar_gauntlet_db, nicolae_ru_awakened_eye, first_bread
D:4:      kennysheep_mini_moat, serial_shops, shop, nicolae_shop_trees
D:5:      fiery_altar_vehumet, uniq_ijyb

Skill      XL: |  1  2  3  4  5  6  7 |
---------------+----------------------+-----
Spellcasting   | 3 4 |  4.1
Necromancy     | 2 |  2.0
Summonings     | 2 |  2.1
Conjurations   | 6 8 |  8.7
Hexes          | 1 |  1.6
Dodging        | |  2.1
Stealth        | |  2.0

Action                   |  1- 3 |  4- 6 |  7- 9 || total
-------------------------+-------+-------+-------++-------
Melee: Unarmed           |       |     1 |       ||     1
 Cast: Magic Dart        |    65 |   114 |    14 ||   193
       Summon Small Mamm |       |    16 |     2 ||    18
       Searing Ray       |       |     6 |     4 ||    10
       Animate Skeleton  |       |     8 |     3 ||    11
       Fulminant Prism   |       |       |     1 ||     1
Evoke: Wand              |       |       |     3 ||     3
  Use: Scroll            |     1 |     6 |     3 ||    10
       Potion            |       |     2 |     1 ||     3
  Eat: Chunk             |     1 |     9 |     2 ||    12
Armor: Robe              |     1 |     7 |     3 ||    11
       Skin              |       |     1 |       ||     1
Dodge: Dodged            |     3 |    37 |    14 ||    54
